 Dungeon Crawl Stone Soup version 0.28.0-49-g6dfe1f597d (webtiles) character file.

Game seed: 5864183873129079048

306 styxcanada the Sneak (level 6, 0/32 HPs)
             Began as a Spriggan Brigand on May 12, 2022.
             Killed from afar by a white imp (3 damage)
             ... with a puff of frost
             ... on level 4 of the Dungeon on May 13, 2022.
             The game lasted 00:17:09 (4582 turns).

styxcanada the Sneak (Spriggan Brigand)             Turns: 4582, Time: 00:17:10

Health: 0/32       AC:  3    Str:  5 (7)  XL:     6   Next: 16%
Magic:  7/7        EV: 17    Int: 10 (13) God:
Gold:   161        SH:  5    Dex: 17 (18) Spells: 5/5 levels left

rFire   . . .      SeeInvis +   a - +2 dagger
rCold   . . .      Faith    .   e - +0 buckler of Wames {rN+}
rNeg    + . .      Spirit   .   b - +0 robe
rPois   +          Reflect  .   (helmet restricted)
rElec   .          Harm     .   c - +0 cloak
rCorr   +          Rampage  .   (gloves unavailable)
Will    +....                   (boots unavailable)
Stlth   ++++......              (no amulet)
HPRegen 0.10/turn               k - ring of resist corrosion
MPRegen 0.10/turn               q - ring of poison resistance

@: flying, very quick
A: very small, no large weapons, unfitting armour, see invisible, speed 3
a: no special abilities


You were on level 4 of the Dungeon.
You visited 1 branch of the dungeon, and saw 4 of its levels.

You collected 161 gold pieces.

Inventory:

Hand Weapons
 a - a +2 dagger (weapon)
 l - a +0 hunting sling
Missiles
 f - 41 sling bullets
 h - 3 poisoned darts
 j - 110 stones (quivered)
 o - 2 curare-tipped darts
Armour
 b - a +0 robe (worn)
 c - a +0 cloak (worn)
 e - the +0 buckler of Wames (worn) {rN+}
   (You acquired it on level 4 of the Dungeon)

   rN:        It protects you from negative energy.
Jewellery
 k - a ring of resist corrosion (left hand)
 m - a +4 ring of evasion
 q - a ring of poison resistance (right hand)
Scrolls
 g - a scroll of magic mapping


   Skills:
 * Level 2.5 Fighting
 + Level 2.9 Short Blades
 + Level 2.9(3.6) Slings
 + Level 2.6(3.1) Throwing
 * Level 3.5 Dodging
 * Level 7.8 Stealth
 * Level 0.2 Shields


You had 5 spell levels left.
You didn't know any spells.
Your spell library contained the following spells:

 Spells                   Type           Power      Damage    Failure   Level
 Tukima's Dance           Hex            0%         N/A       94%         3
 Anguish                  Hex/Necr       0%         N/A       100%        4
 Enfeeble                 Hex            0%         N/A       100%        7


Dungeon Overview and Level Annotations

Branches:
Dungeon (4/15)
 Temple: D:4-7

Altars:


Innate Abilities, Weirdness & Mutations

You are very small and have problems with some larger weapons.
You are too small for most types of armour.
You have supernaturally acute eyesight. (SInv)
You cover ground extremely quickly. (Speed+++)


Message History

The white imp gestures at you. The puff of frost hits you.
You hit the white imp but do no damage. You block the white imp's attack.
You hit the white imp but do no damage. The white imp hits you.
The white imp freezes you.
You hit the white imp.
The white imp is moderately wounded.
You block the white imp's attack.
You hit the white imp but do no damage.
The white imp is moderately wounded.
The white imp hits you. The white imp freezes you.
You hit the white imp but do no damage.
The white imp is moderately wounded.
The white imp hits you. The white imp freezes you.
You hit the white imp but do no damage.
The white imp is moderately wounded.
The white imp closely misses you.
You hit the white imp but do no damage.
The white imp is moderately wounded.
The white imp hits you.
* * * LOW HITPOINT WARNING * * *
The white imp freezes you.
* * * LOW HITPOINT WARNING * * *
You closely miss the white imp.
The white imp is moderately wounded.
The white imp gestures at you. The puff of frost hits you.
* * * LOW HITPOINT WARNING * * *
It was a potion of flight.
You feel very buoyant.
You fly up into the air.
The white imp hits you but does no damage.
It was a potion of degeneration.
There was something very wrong with that liquid.
You feel weakened.
You feel dopey.
You feel clumsy. The white imp gestures at you. The puff of frost misses you.
The white imp gestures at you. The puff of frost hits you.
You die...

##.##..###...........
#..##.........#..^##.
#.###..##########.... ##.#
#..# *###. ####..###..# #.
##....#.....# #.
##...........# #.
#............#############.
#.........@...........)....
#.....5......#############.
##...........# #.
##...##.....# ##
########...# # ##### # # #
*


You could see a white imp.

Vanquished Creatures
  A sky beast (D:3)
  A hound (D:3)
  A gnoll shaman (D:4)
  An iguana (D:4)
  4 gnolls (D:4)
  3 adders
  2 worms
  A dart slug (D:1)
  2 orcs
  4 bats (D:1)
  3 endoplasms
  5 giant cockroaches
  3 goblins
  3 hobgoblins
  3 jackals (D:1)
  6 kobolds
  3 quokkas
  5 ball pythons
  2 frilled lizards (D:3)
  3 rats
56 creatures vanquished.

Notes
Turn   | Place    | Note
-------+----------+-------------------------------------------
     0 | D:1      | styxcanada the Spriggan Brigand began the quest for the
                  | Orb.
     0 | D:1      | Reached XP level 1. HP: 10/10 MP: 2/2
    35 | D:1      | Reached skill level 6 in Stealth
   321 | D:1      | Reached XP level 2. HP: 15/15 MP: 3/3
  1316 | D:2      | Reached XP level 3. HP: 18/18 MP: 4/4
  1360 | D:2      | Reached skill level 7 in Stealth
  1565 | D:2      | Found a faded altar of an unknown god.
  1824 | D:3      | Found Jiq Asill's Jewellery Emporium.
  1862 | D:3      | Noticed a sky beast
  2029 | D:4      | Noticed a lemure
  2029 | D:4      | Noticed a lemure
  2849 | D:3      | Killed a sky beast
  2850 | D:3      | Reached XP level 4. HP: 23/23 MP: 5/5
  2850 | D:3      | Reached XP level 5. HP: 26/26 MP: 6/6
  3979 | D:4      | Identified a scroll of acquirement
  3979 | D:4      | Acquired the +0 buckler of Wames {rN+}
  4086 | D:4      | Reached XP level 6. HP: 23/32 MP: 7/7
  4582 | D:4      | Killed from afar by a white imp

Illustrated notes

Levels and vault maps discovered:
D:1:      saegor_arrival_miasma, layout_basic
D:2:      layout_rooms, ebering_ecumenical_altar_rust, minmay_fountain_box
D:3:      layout_loops_ring, serial_shops, shop
D:4:      layout_rooms, minmay_misc_feat_rows, uniq_pikel

Skill      XL: |  1  2  3 |
---------------+----------+-----
Stealth        | 6 7 |  7.8
Dodging        | 2 3 |  3.5
Fighting       | 2 |  2.5
Slings         | 2 |  2.9
Short Blades   | |  2.9
Throwing       | |  2.6
Shields        | |  0.2

Action                   |  1- 3 |  4- 6 || total
-------------------------+-------+-------++-------
Melee: Dagger            |   112 |    88 ||   200
       Punch             |     1 |     1 ||     2
 Fire: Hunting sling     |    39 |    31 ||    70
Throw: Dart              |    28 |     9 ||    37
       Stone             |     6 |     5 ||    11
  Use: Scroll            |       |     5 ||     5
       Potion            |       |     2 ||     2
 Stab: Sleeping          |    14 |     2 ||    16
Armor: Robe              |    14 |    10 ||    24
Dodge: Dodged            |    71 |    73 ||   144
Block: Buckler           |       |     8 ||     8
